 Dungeon Crawl Stone Soup version 0.20-a0-256-gabb291d (webtiles) character file.

36652 Faca the Blocker (level 14, -28/90 HPs)
             Began as a Formicid Fighter on Dec 1, 2016.
             Was a High Priest of Trog.
             Killed from afar by a fire dragon (47 damage)
             ... with a blast of flame
             ... on level 1 of the Lair of Beasts.
             The game lasted 01:37:46 (15517 turns).

Faca the Blocker (Formicid Fighter)                Turns: 15517, Time: 01:37:47

Health: -28/90     AC: 14    Str: 22    XL:     14   Next: 24%
Magic:  0/14       EV:  3    Int:  8    God:    Trog [*****.]
Gold:   1215       SH: 31    Dex: 14    Spells: 13/13 levels left

rFire  . . .     SeeInvis +     n - +8 autumn katana {slice, Clar}
rCold  + + .     Gourm    .     v - +0 plate armour
rNeg   + . .     Faith    .     k - +18 shield of the Gong {rElec rN+ MR+ EV-5}
rPois  +         Spirit   +     (helmet unavailable)
rElec  +         Reflect  .     m - +0 cloak {rC+}
rCorr  +         Harm     .     (no gloves)
MR     +++..     Clarity  +     (no boots)
Stlth  ..........               s - amulet of guardian spirit
                                a - ring of resist corrosion
                                c - +1 ring of protection

@: no status effects
A: permanent stasis, dig shafts and tunnels, four strong arms, antennae 3,
hooves 1, icy blue scales 1, blurry vision 3, cold resistance 1, deformed body,
deterioration 1, frail 2, magic resistance 1, poison resistance
a: Dig, Shaft Self, Trog's Hand, Brothers in Arms, Burn Spellbooks, Renounce
Religion


You were on level 1 of the Lair of Beasts.
You worshipped Trog.
Trog was extremely pleased with you.
You were not hungry.

You visited 4 branches of the dungeon, and saw 17 of its levels.
You visited the Abyss 1 time.
You also visited: Bailey and Ice Cave.

You collected 1466 gold pieces.
You spent 251 gold pieces at shops.

Inventory:

Hand Weapons
 n - the +8 autumn katana (weapon) {slice, Clar}
   (You found it on level 5 of the Dungeon)

   It inflicts extra damage upon your enemies.
   It protects you against confusion.
 y - the +10 broad axe "Ulugg" {chop, *Contam rPois rC+ Dex+4}
   (You found it on level 1 of the Lair of Beasts)

   It inflicts extra damage upon your enemies.
   It affects your dexterity (+4).
   It protects you from cold.
   It protects you from poison.
   It causes magical contamination when unequipped.
 B - a +1 flail of protection
Armour
 k - the +18 shield of the Gong (worn) {rElec rN+ MR+ EV-5}
   (You acquired it on level 8 of the Dungeon)

   It affects your evasion (-5).
   It insulates you from electricity.
   It protects you from negative energy.
   It affects your resistance to hostile enchantments.
 m - a +0 cloak of cold resistance (worn)
 v - a +0 plate armour (worn)
Jewellery
 a - a ring of resist corrosion (right hand)
 c - a +1 ring of protection (left hand)
 i - an uncursed ring of flight
 s - an amulet of guardian spirit (around neck)
 x - an uncursed ring of fire
Wands
 l - a wand of heal wounds (6/9)
 q - a wand of iceblast (11/15)
Scrolls
 b - 3 scrolls of identify
 e - a scroll of fog
 o - 3 scrolls of enchant weapon
 t - 4 scrolls of remove curse
 w - 2 scrolls of enchant armour
 z - a scroll of magic mapping
 A - a scroll of fear
 D - a scroll of holy word
Potions
 d - 4 potions of might
 f - 2 potions of cancellation
 g - 13 potions of curing
 j - 3 potions of lignification
Miscellaneous
 E - a disc of storms
Comestibles
 p - 6 bread rations
 C - 3 meat rations


   Skills:
 + Level 11.5 Fighting
 + Level 9.4 Long Blades
 + Level 12.1 Axes
 + Level 11.6 Armour
 - Level 1.5 Dodging
 - Level 2.1 Stealth
 + Level 12.9 Shields


You had 13 spell levels left.
You didn't know any spells.

Dungeon Overview and Level Annotations

Branches:
Dungeon (13/15)            Temple (1/1) D:5            Lair (1/6) D:8
    Orc (2/2) D:12         Vaults (0/5) D:13
    Elf: Orc:2

Altars:
Hepliaklqana
Nemelex Xobeh
Qazlal
Sif Muna
Trog
Yredelemnul
The Shining One

Shops:
D:9 }   D:13 ?   Orc:1 ?

Annotations:
Orc:1 Gastronok


Innate Abilities, Weirdness & Mutations

You cannot be hasted, slowed, berserked, paralysed or teleported.
You can dig through walls and to a lower floor.
Your four strong arms can wield two-handed weapons with a shield.
You have a pair of large antennae on your head. (SInv)
You have large cloven feet.
You are partially covered in icy blue scales. (AC +2)
Scrolls take you much longer to read.
Your flesh is cold resistant. (rC+)
Armour fits poorly on your strangely shaped body.
Your body sometimes deteriorates upon taking damage.
You are very frail. (-20% HP)
You are resistant to hostile enchantments. (MR+)
Your system is resistant to poisons. (rPois)


Message History

You barely miss the fire dragon.
You kick the fire dragon, but do no damage.
The fire dragon is almost dead.
The electric eel shoots out a bolt of lightning at you!
The bolt of electricity hits you! You resist.
* * * LOW HITPOINT WARNING * * *
Your plate armour prevents you from hitting the fire dragon.
You kick the fire dragon, but do no damage.
The fire dragon is almost dead.
You block the fire dragon's attack.
GONNNNG!
The fire dragon claws you but does no damage.
You block the fire dragon's attack.
BOUMMMMG!
You hit the fire dragon. Your kick misses the fire dragon.
The fire dragon is almost dead.
The fire dragon breathes flames at you. The blast of flame hits you!
Ouch! That really hurt!
You die...

**** **#########.##### *****
#.#### **≈≈≈**** #....#
***≈≈≈≈≈≈≈* ####.#
*≈≈≈≈≈≈≈≈#####* ##.#
*≈≈≈≈≈≈≈≈≈;...#### #..#
*≈≈≈≈≈≈≈≈≈.......## ######.##
**≈≈≈≈≈≈≈≈........#####.....(#
#
*≈≈≈≈≈≈≈≈≈...D@........######
# **≈≈,,≈≈≈≈.........##### #
*,,,,..≈≈≈......### #
*,,,,...≈≈≈....## #
**,,,..≈≈≈≈..### ****##≈≈≈####
####*


You could see a fire dragon and an electric eel.

Vanquished Creatures
  A hydra (Lair:1)
  2 centaur warriors
  An ogre mage (D:13)
  The ghost of jasper the Destroyer, a journeyman DEFE of Vehumet (D:11)
  The ghost of KikuChan the Chopper, a novice TrCK of Xom (D:8)
  3 skeletal warriors
  An unseen horror (D:9)
  6 hill giants
  A necromancer (IceCv)
  A deep elf archer (D:13)
  Pikel (D:9)
  An orc knight (Bailey)
  An ugly thing (D:12)
  A deep elf mage (D:13)
  An ice statue (IceCv)
  Joseph (D:8)
  A gargoyle (D:13)
  A centaur zombie (D:10)
  A spiny frog (Lair:1)
  The ghost of DrabberRogue the Skirmisher, a novice HuWn of Yredelemnul (D:4)
  A rime drake (shapeshifter) (D:13)
  2 komodo dragons
  10 freezing wraiths (IceCv)
  3 polar bears (Lair:1)
  3 trolls
  2 wolf spider simulacra (IceCv)
  A hornet (D:8)
  2 two-headed ogres (D:13)
  Grinder (D:3)
  10 slime creatures
  7 hippogriffs
  A vampire (D:10)
  A spriggan (D:8)
  Sigmund (D:4)
  A shadow (D:12)
  A steam dragon (D:11)
  12 yaks
  A hungry ghost (D:8)
  2 soldier ants
  Duvessa (D:6)
  13 orc warriors
  4 porcupines (D:8)
  11 ice beasts
  3 eyes of draining
  3 sky beasts
  3 phantoms
  A boggart (D:13)
  7 ogres
  3 centaurs
  2 crocodiles (Lair:1)
  5 big kobolds
  7 bullfrogs
  Dowan (D:6)
  2 scorpions
  A wyvern skeleton (D:13)
  12 killer bees
  5 wights (D:6)
  4 howler monkeys
  2 electric eels (D:11)
  2 draconian simulacra (IceCv)
  2 crimson imps
  3 bullfrog zombies
  4 jellies
  12 orc priests
  Crazy Yiuf (D:4)
  7 bullfrog skeletons
  9 hounds
  5 centaur skeletons
  18 orc wizards
  Jessica (D:3)
  Natasha (thrice) (D:3)
  2 iguanas
  8 troll simulacra (IceCv)
  12 worker ants
  2 polar bear simulacra (IceCv)
  2 centaur simulacra (IceCv)
  A hound zombie (D:9)
  A hound skeleton (D:4)
  A worker ant zombie (D:10)
  10 gnolls
  2 ogre simulacra (IceCv)
  10 adders
  6 naga simulacra (IceCv)
  2 shadow imps
  12 white imps (IceCv)
  4 oozes (D:1)
  2 adder zombies
  2 adder skeletons
  3 worms
  4 dart slugs
  4 leopard geckos
  67 orcs
  4 giant cockroaches
  7 goblins
  6 hobgoblins
  19 jackals
  26 kobolds
  6 quokkas
  A ball python zombie (D:5)
  11 bats
  12 frilled lizards
  2 leopard gecko zombies (D:7)
  A quokka skeleton (D:5)
  2 quokka zombies
  5 rats
506 creatures vanquished.

Vanquished Creatures (others)
  A wyvern (D:13)
  A slave (D:9)
  An orc warrior (Orc:2)
  An orc wizard (Orc:1)
  A fungus (D:8)
5 creatures vanquished.

Grand Total: 511 creatures vanquished

Notes
Turn   | Place    | Note
-------+----------+-------------------------------------------
     0 | D:1      | Faca the Formicid Fighter began the quest for the Orb.
     0 | D:1      | Reached XP level 1. HP: 18/18 MP: 1/1
   124 | D:1      | Reached XP level 2. HP: 19/24 MP: 2/2
   347 | D:1      | Reached XP level 3. HP: 29/29 MP: 3/3
   606 | D:1      | Upgraded the game from 0.20-a0-251-g16a58bf to 0.20-a0-256-gabb291d
   673 | D:1      | Reached XP level 4. HP: 32/37 MP: 4/4
  1267 | D:2      | Reached XP level 5. HP: 42/42 MP: 5/5
  1358 | D:2      | Gained mutation: You are partially covered in icy blue scales. (AC +2) [potion of mutation]
  1358 | D:2      | Gained mutation: You are resistant to hostile enchantments. (MR+) [potion of mutation]
  1358 | D:2      | Gained mutation: You are partially covered in iridescent scales. (AC +2) [potion of mutation]
  1662 | D:3      | Noticed Grinder
  1675 | D:3      | Killed Grinder
  1675 | D:3      | Reached skill level 5 in Shields
  1675 | D:3      | Reached XP level 6. HP: 48/48 MP: 6/6
  1933 | D:3      | Reached XP level 7. HP: 54/54 MP: 7/7
  1998 | D:3      | Noticed Natasha
  2007 | D:3      | Killed Natasha
  2007 | D:3      | Reached skill level 5 in Axes
  2054 | D:3      | Noticed Jessica
  2067 | D:3      | Killed Jessica
  2071 | D:3      | Noticed Natasha
  2081 | D:3      | Killed Natasha
  2220 | D:3      | Noticed Natasha
  2228 | D:3      | Killed Natasha
  2642 | D:4      | Noticed DrabberRogue's ghost (novice HuWn)
  2864 | D:4      | Noticed Sigmund
  2875 | D:4      | Killed Sigmund
  2875 | D:4      | Reached skill level 1 in Dodging
  3023 | D:4      | Reached skill level 1 in Stealth
  3023 | D:4      | Reached XP level 8. HP: 52/61 MP: 8/8
  3171 | D:4      | Reached skill level 5 in Armour
  3705 | D:4      | Found a runed door.
  3936 | D:4      | Killed DrabberRogue's ghost
  4334 | D:4      | Noticed Crazy Yiuf
  4340 | D:4      | Killed Crazy Yiuf
  4511 | D:5      | Entered Level 5 of the Dungeon
  4545 | D:5      | Found a bloodstained altar of Trog.
  4554 | D:5      | Reached XP level 9. HP: 45/67 MP: 0/9
  4566 | D:5      | Reached skill level 5 in Fighting
  4576 | D:5      | Became a worshipper of Trog the Wrathful
  4890 | D:5      | Found a staircase to the Ecumenical Temple.
  4931 | Temple   | Entered the Ecumenical Temple
  4976 | D:5      | Gained mutation: Your magical capacity is low. (-10% MP) [potion of mutation]
  4976 | D:5      | Gained mutation: You have large cloven feet. [potion of mutation]
  4976 | D:5      | Gained mutation: Your system is resistant to poisons. (rPois) [potion of mutation]
  5283 | D:6      | Reached skill level 1 in Long Blades
  5359 | D:6      | Reached * piety under Trog
  5423 | D:6      | Found a sparkling altar of Nemelex Xobeh.
  5516 | D:6      | Found a hazy altar of Hepliaklqana.
  5727 | D:6      | Noticed Duvessa
  5727 | D:6      | Noticed Dowan
  5744 | D:6      | Killed Duvessa
  5749 | D:6      | Reached XP level 10. HP: 51/76 MP: 9/9
  5757 | D:6      | Killed Dowan
  6098 | D:6      | Reached ** piety under Trog
  6407 | D:7      | Found a basalt altar of Yredelemnul.
  6648 | D:7      | Found a deep blue altar of Sif Muna.
  6767 | D:8      | Lost mutation: You are partially covered in iridescent scales. (AC +2) [potion of mutation]
  6767 | D:8      | Gained mutation: You are frail. (-10% HP) [potion of mutation]
  6767 | D:8      | Gained mutation: Scrolls take you a little longer to read. [potion of mutation]
  6829 | D:8      | Got a warped hand axe
  6847 | D:8      | Noticed KikuChan's ghost (novice TrCK)
  6877 | D:8      | HP: 3/71 [KikuChan's ghost (8)]
  6879 | D:8      | Killed KikuChan's ghost
  6880 | D:8      | HP: 1/71 [poisoned by KikuChan's ghost]
  7204 | D:8      | Noticed Joseph
  7223 | D:8      | Killed Joseph
  7223 | D:8      | Reached XP level 11. HP: 63/76 MP: 9/9
  7229 | D:8      | Reached *** piety under Trog
  7267 | D:8      | Identified a scroll of acquirement
  7499 | D:8      | Identified the +7 hand axe of the Scorpion {vamp, rC+ Dex+4 SInv} (You found it on level 8 of the Dungeon)
  7646 | D:8      | Reached skill level 5 in Long Blades
  7823 | D:8      | Found a staircase to the Lair.
  8027 | D:9      | Noticed Pikel
  8045 | D:9      | Killed Pikel
  8045 | D:9      | Reached skill level 10 in Axes
  8076 | D:9      | Noticed an unseen horror
  8117 | D:9      | Killed an unseen horror
  8136 | D:9      | Found a flagged portal.
  8145 | D:9      | Got a fine hand axe
  8148 | Bailey   | Entered a bailey
  8160 | Bailey   | Noticed an orc knight
  8201 | Bailey   | Killed an orc knight
  8201 | Bailey   | Reached skill level 10 in Shields
  8204 | Bailey   | Reached **** piety under Trog
  8273 | Bailey   | Found a burning altar of Makhleb.
  8444 | D:9      | Identified the +5 hand axe "Kuhab" {protect, rPois} (You found it on level 9 of the Dungeon)
  8701 | D:9      | Found Noadei's Gadget Shoppe.
  8812 | D:10     | Entered Level 10 of the Dungeon
  8812 | D:10     | Noticed a hill giant
  8821 | D:10     | Killed a hill giant
  8889 | D:10     | Reached ***** piety under Trog
  8892 | D:10     | Noticed a hill giant
  8911 | D:10     | Killed a hill giant
  8911 | D:10     | Reached XP level 12. HP: 58/84 MP: 10/10
  9228 | D:10     | Found a stormy altar of Qazlal.
 10054 | D:11     | Received a gift from Trog
 10148 | D:11     | Lost mutation: Your magical capacity is low. (-10% MP) [mutagenic meat]
 10150 | D:11     | Gained mutation: Scrolls take you longer to read. [mutagenic meat]
 10151 | D:11     | Gained mutation: You are very frail. (-20% HP) [mutagenic meat]
 10152 | D:11     | Gained mutation: Scrolls take you much longer to read. [mutagenic meat]
 10153 | D:11     | Gained mutation: Your flesh is cold resistant. (rC+) [mutagenic meat]
 10298 | D:11     | Noticed jasper's ghost (journeyman DEFE)
 10315 | D:11     | Killed jasper's ghost
 10974 | D:12     | Found a staircase to the Orcish Mines.
 11314 | D:12     | Reached skill level 10 in Armour
 11845 | Orc:1    | Entered Level 1 of the Orcish Mines
 11849 | Orc:1    | Noticed Gastronok
 11958 | Orc:1    | Reached skill level 10 in Fighting
 12185 | Orc:1    | Found Cahuk's Magic Scroll Shoppe.
 12197 | Orc:1    | Bought a scroll of remove curse for 39 gold pieces
 12197 | Orc:1    | Bought a scroll of identify for 26 gold pieces
 12197 | Orc:1    | Bought a scroll of remove curse for 39 gold pieces
 12289 | Orc:2    | Entered Level 2 of the Orcish Mines
 12289 | Orc:2    | Noticed an orc warlord
 12355 | D:13     | Noticed a skeletal warrior
 12361 | D:13     | Reached XP level 13. HP: 69/82 MP: 11/13
 12362 | D:13     | Received a gift from Trog
 12499 | D:13     | Noticed a centaur warrior
 12529 | D:12     | Killed a centaur warrior
 12808 | D:12     | Cast into level 3 of the Abyss (a distortion unwield)
 12808 | Abyss:3  | Found a corrupted altar of Lugonu.
 12833 | D:12     | Escaped the Abyss
 12843 | D:13     | Noticed a centaur warrior
 12856 | D:13     | Killed a centaur warrior
 13264 | D:13     | Found a gate to the Vaults.
 13551 | D:13     | Found Buekio's Magic Scroll Shop.
 13559 | D:13     | Bought a scroll of enchant armour for 105 gold pieces
 13559 | D:13     | Bought a scroll of remove curse for 42 gold pieces
 13781 | Lair:1   | Entered Level 1 of the Lair of Beasts
 13843 | Lair:1   | Found a frozen archway.
 13846 | Lair:1   | Got a dazzling broad axe
 13847 | Lair:1   | Identified the +10 broad axe "Ulugg" {chop, *Contam rPois rC+ Dex+4} (You found it on level 1 of the Lair of Beasts)
 13854 | IceCv    | Entered an ice cave
 13890 | IceCv    | Reached XP level 14. HP: 79/90 MP: 12/14
 14198 | IceCv    | Received a gift from Trog
 14200 | IceCv    | Gained mutation: Your body sometimes deteriorates upon taking damage. [mutagenic glow]
 14527 | IceCv    | Found an ancient bone altar of Kikubaaqudgha.
 15240 | Lair:1   | Gained mutation: Armour fits poorly on your strangely shaped body. [mutagenic glow]
 15517 | Lair:1   | Killed from afar by a fire dragon

Vault maps used:
D:1:      arrival_zaba_pyramid, minmay_pentomino_v2
D:2:      first_bread, minmay_lizard_pond
D:3:      serial_co_window_serial, co_window_corner_a, co_window_paths_b,
          co_window_paths_a, co_window_paths_a, co_window_cross_1,
          co_window_of_opportunity_a, co_window_cross_1,
          co_window_of_opportunity_c, co_window_of_opportunity_b,
          co_window_2corner, co_window_4corner_b, glass_columns_a,
          glass_columns_a, glass_columns_a, glass_columns_a, glass_columns_a,
          minivault_26, uniq_natasha, uniq_grinder, uniq_jessica
D:4:      kennysheep_big_empty_room, uniq_crazy_yiuf_cottage, uniq_sigmund
D:5:      trog_eyes_of_draining, small_statue_intersection
D:6:      kennysheep_mini_moat, nemelex_xobeh_ov_fountains_minmay, uniq_duvessa
D:7:      lemuel_round_altar, overflow_temple_1_default
D:8:      grunt_lair_entry_orc_guard_hut, grunt_pizzeria, feat_on_display,
          uniq_joseph
D:9:      enter_bailey_2, serial_shops, shop, uniq_pikel
D:10:     grunt_ministairs_7, nicolae_qazlal_general_emergency
D:11:     minmay_crystal_water, serial_bayou_pond_a, minivault_11
D:12:     david_orc_3
D:13:     hangedman_vaults_entry_quadrant_bands, serial_shops, shop_statue
Temple:   nicolae_temple_elliptical
Lair:1:   dragon1_lemuel, portal_ice_cave_entry_pillars_1,
          cheibrodos_lair_lostbears
Orc:1:    serial_shops, nicolae_shop_trees, mines1_david, uniq_erica,
          uniq_gastronok
Orc:2:    st_orc_ogre_mass, serial_shops, shop, shop, shop
Abyss:3:  hangedman_abyss_or_decor_jellyfish_corner,
          guppyfry_abyss_exit_glass_guarded,
          evilmike_abyss_rune_elephants_shrine
Bailey:   bailey_axe_3, bailey
IceCv:    ice_cave_small_necro

Skill      XL: |  1  2  3  4  5  6  7  8  9 10 11 12 13 14 |
---------------+-------------------------------------------+-----
Shields        | 4 5 6 7 9 10 11 12 | 12.9
Axes           | 3 4 5 7 8 9 10 11 12 | 12.1
Fighting       | 4 6 7 8 10 11 | 11.5
Armour         | 4 5 6 7 9 10 11 | 11.6
Dodging        | 1 |  1.5
Stealth        | 1 2 |  2.1
Long Blades    | 2 4 6 7 9 |  9.4

Action                   |  1- 3 |  4- 6 |  7- 9 | 10-12 | 13-15 || total
-------------------------+-------+-------+-------+-------+-------++-------
Melee: War axe           |   107 |   111 |   267 |       |       ||   485
       Katana            |       |       |    93 |   280 |   190 ||   563
       Kick              |       |       |    22 |   207 |   158 ||   387
       Hand axe          |       |       |       |   277 |       ||   277
       Battleaxe         |       |       |       |   142 |    43 ||   185
       Broad axe         |       |       |       |       |   114 ||   114
       Triple sword      |       |       |       |       |    36 ||    36
       Flail             |       |       |       |       |    14 ||    14
Throw: Tomahawk          |       |       |       |    20 |       ||    20
Invok: Burn Spellbooks   |       |       |     2 |     3 |     2 ||     7
Evoke: Wand              |       |       |       |       |     1 ||     1
  Use: Scroll            |     6 |     3 |     8 |     9 |     3 ||    29
       Potion            |       |     2 |     2 |     7 |       ||    11
 Stab: Invisible         |       |       |       |     2 |       ||     2
  Eat: Beef jerky        |       |     1 |     1 |       |       ||     2
       Bread ration      |       |     1 |     2 |     1 |       ||     4
       Fruit             |       |       |     3 |     3 |       ||     6
       Pizza             |       |       |       |     5 |     5 ||    10
       Meat ration       |       |       |       |     2 |     1 ||     3
       Chunk             |       |       |       |     6 |     1 ||     7
Armor: Scale mail        |    50 |    31 |       |       |       ||    81
       Chain mail        |       |     9 |   126 |    63 |       ||   198
       Plate armour      |       |       |       |   155 |   116 ||   271
Dodge: Dodged            |    34 |    22 |    77 |    51 |    18 ||   202
Block: Shield            |    70 |    81 |   196 |   776 |   508 ||  1631
       Rpst.: Katana     |       |       |     5 |    12 |       ||    17
